 Dungeon Crawl Stone Soup version 0.30.0-20-g3b4254fcbd (webtiles) character file.

Game seed: 14503386840513439532

18 cheesebisquit the Shooter (level 2, 0/23 HPs)
             Began as a Barachi Hunter on June 2, 2023.
             Slain by a frilled lizard (2 damage)
             ... on level 2 of the Dungeon.
             The game lasted 00:02:35 (898 turns).

cheesebisquit the Shooter (Barachi Hunter)           Turns: 898, Time: 00:02:36

Health: 0/23       AC:  3    Str: 12    XL:     2   Next: 66%
Magic:  2/2        EV: 12    Int:  9    God:
Gold:   47         SH:  0    Dex: 15    Spells: 1/1 levels left

rFire   . . .        a - +0 shortbow
rCold   . . .        (shield currently unavailable)
rNeg    . . .        c - +0 leather armour
rPois   .            (no helmet)
rElec   .            (no cloak)
rCorr   +            (no gloves)
SInv    .            (no boots)
Will    .....        (no amulet)
Stlth   +            d - ring of resist corrosion
HPRegen 0.23/turn    (no ring)
MPRegen 0.08/turn

%: no passive effects
@: lethally poisoned (0 -> -3), unable to hop, flying (expiring), slow
A: amphibious, slowness 1, strong legs 1, +LOS
a: Hop


You were on level 2 of the Dungeon.
You visited 1 branch of the dungeon, and saw 2 of its levels.

You collected 47 gold pieces.

Inventory:

Hand Weapons
 a - a +0 shortbow (weapon)
Armour
 c - a +0 leather armour (worn)
Jewellery
 d - a ring of resist corrosion (left hand)
Scrolls
 b - a scroll of immolation
 e - a scroll of fog
 j - a scroll of magic mapping


   Skills:
 - Level 2.4 Fighting
 + Level 4.7 Ranged Weapons
 - Level 2.1 Dodging
 - Level 0.8 Stealth


You had one spell level left.
You didn't know any spells.
Your spell library contained the following spells:

 Spells                   Type           Power      Damage    Failure   Level
 Dazzling Flash           Conj/Hex       0%         N/A       83%         3
 Agony                    Necr           0%         N/A       100%        5
 Silence                  Hex/Air        0%         N/A       100%        5


Dungeon Overview and Level Annotations

Branches:
Dungeon (2/15)

Altars:


Innate Abilities, Weirdness & Mutations

You are amphibious.
You cover ground slowly.
You can hop short distances.
You have an extended range of vision and can be seen from far away.


Message History

As you read the scroll labelled TULAATOSUO, it crumbles to dust.
It is a scroll of identify.
j - a scroll of magic mapping The frilled lizard barely misses you.
You aren't carrying any potions.
Okay, then.
The frilled lizard attacks as you move away!
The frilled lizard bites you.
* * * LOW HITPOINT WARNING * * *
The frilled lizard bites you but does no damage.
The frilled lizard attacks as you move away!
The frilled lizard bites you.
* * * LOW HITPOINT WARNING * * *
The frilled lizard attacks as you move away!
The frilled lizard bites you but does no damage.
The frilled lizard completely misses you.
The frilled lizard attacks as you move away!
The frilled lizard barely misses you.
The frilled lizard attacks as you move away!
The frilled lizard barely misses you.
You reach down and open the door.
The frilled lizard barely misses you.
Hop to where?
Press: ? - help, Dir - move target, p - rat Boing!
You see here a potion of flight.
You are starting to lose your buoyancy.
The frilled lizard barely misses you. The frilled lizard bites you.
* * * LOW HITPOINT WARNING * * *
The frilled lizard attacks as you move away!
The frilled lizard closely misses you.
Found 2 stones.
Okay, then.
The adder attacks as you move away! The adder closely misses you.
The adder misses you. The adder attacks as you move away!
The adder bites you but does no damage. The adder bites you.
* * * LOW HITPOINT WARNING * * *
You are lethally poisoned!
The adder poisons you! The frilled lizard bites you.
You die...

########## #......^..
#......... ##########
#.......§. .........#
#.......§.
.........#######.........
........................§
.........l........#######
...(....@Sr.......# #
..........r.....!.# #
........$.........## #
...................# #
...................# #
.........#####.....######
########## +..(?.'..rSr
#.....###### #######


You could see an adder, a quokka, a frilled lizard and a rat.

Vanquished Creatures
  A dart slug (D:1)
  A giant cockroach (D:1)
  2 goblins (D:1)
  3 hobgoblins (D:1)
  3 ball pythons
  3 bats (D:1)
  2 frilled lizards
15 creatures vanquished.

Notes
Turn   | Place    | Note
-------+----------+-------------------------------------------
     0 | D:1      | cheesebisquit the Barachi Hunter began the quest for the
                  | Orb.
     0 | D:1      | Reached XP level 1. HP: 17/17 MP: 1/1
   200 | D:1      | Reached XP level 2. HP: 23/23 MP: 2/2
   877 | D:2      | HP: 1/23 [frilled lizard (1)]
   898 | D:2      | Slain by a frilled lizard

Illustrated notes

Levels and vault maps discovered:
D:1:      lemuel_arrival_cross, layout_loops_corners
D:2:      layout_basic, serial_shops, shop

Action                     || total
---------------------------++-------
   Fire: Shortbow          ||    35
Ability: Hop               ||     1
    Use: Scroll            ||     3
         Potion            ||     2
 Armour: Leather armour    ||    14
  Dodge: Dodged            ||    39
